 Dungeon Crawl Stone Soup version 0.23.2-1-ga50397a6bc (webtiles) character file.

Game seed: 15458798013422486139

2245 PentaManta the Nimble (level 9, -4/64 HPs)
             Began as a Merfolk Monk on June 2, 2019.
             Slain by an orc warrior
             ... wielding a +1 war axe of flaming
              (14 damage)
             ... on level 4 of the Dungeon.
             The game lasted 00:20:59 (6953 turns).

PentaManta the Nimble (Merfolk Monk)                Turns: 6953, Time: 00:21:00

Health: -4/64      AC:  8    Str:  8 (11) XL:     9   Next: 37%
Magic:  9/9        EV: 17    Int:  9 (10) God:
Gold:   259        SH:  0    Dex: 19 (21) Spells: 8/8 levels left

rFire    . . .     SeeInvis .   a - +0 falchion
rCold    . . .     Gourm    .   (no shield)
rNeg     . . .     Faith    .   q - +0 ring mail
rPois    .         Spirit   .   l - +0 helmet
rElec    .         Reflect  .   n - +1 cloak
rCorr    .         Harm     .   (no gloves)
MR       .....                  (no boots)
Stlth    ++........             (no amulet)
HPRegen  0.20/turn              o - +2 ring of dexterity
MPRegen  0.11/turn              (no ring)

@: no status effects
A: change form in water, swift swim, stealthy swim
a: no special abilities


You were on level 4 of the Dungeon.
You were very hungry.

You visited 1 branch of the dungeon, and saw 6 of its levels.

You collected 259 gold pieces.

Inventory:

Hand Weapons
 a - a +0 falchion (weapon)
 d - a +0 short sword
 f - a +2 dagger of flaming
Missiles
 j - 193 stones (quivered)
 t - 4 tomahawks
Armour
 g - a +0 leather armour
 l - a +0 helmet (worn)
 n - a +1 cloak (worn)
 q - a +0 ring mail (worn)
Jewellery
 o - a +2 ring of dexterity (left hand)
Scrolls
 e - a scroll of enchant weapon
 i - 2 scrolls of amnesia
 k - 2 scrolls of remove curse
 u - 3 scrolls of identify
 v - a scroll of fear
Potions
 h - 3 potions of curing
 m - a potion of flight
Comestibles
 c - 7 rations


   Skills:
 - Level 3.2 Fighting
 - Level 8.4(9.4) Short Blades
 + Level 6.1(7.9) Long Blades
 + Level 11.7 Dodging
 - Level 2.1 Stealth


You had 8 spell levels left.
You didn't know any spells.
Your spell library contained the following spells:

 Spells                   Type           Power        Failure   Level  Hunger
 Animate Skeleton         Necr           N/A          77%         1    ##.....
 Pain                     Necr           #...         77%         1    ##.....
 Regeneration             Chrm/Necr      #.........   98%         3    ####...
 Vampiric Draining        Necr           #.........   98%         3    ####...
 Animate Dead             Necr           N/A          100%        4    #####..


Dungeon Overview and Level Annotations

Branches:
Dungeon (6/15)
 Temple: D:4-7

Altars:
Hepliaklqana
Qazlal
Xom
Zin

Shops:
D:2 *


Message History

The orc warrior burns you.
* * * LOW HITPOINT WARNING * * *
The orc warrior closely misses you.
You riposte.
You closely miss the orc warrior.
The orc warrior is lightly wounded.
You hit the orc warrior but do no damage.
The orc warrior is lightly wounded.
The orc warrior barely misses you.
You closely miss the orc warrior.
The orc warrior is lightly wounded.
The orc warrior hits you with a +1 war axe of flaming.
* * * LOW HITPOINT WARNING * * *
The orc warrior burns you.
* * * LOW HITPOINT WARNING * * *
You hit the orc warrior but do no damage.
The orc warrior is lightly wounded.
You closely miss the orc warrior.
The orc warrior is lightly wounded.
The orc warrior hits you with a +1 war axe of flaming!
You die...

#.#.######.# #.#
#.#........# #.#
#.#######[.# #.# #.#
#..# #.# #.# #..# #.#
#.# #..# #.#
#.#######..# #.#
#.#..(.....########.#
#.#.####........@o..#
#.#.# #....#########
#[#.# #......# #.#.#
#.#..#.# #.#.#
#.#..#.# #.#.#
#.#..#.# #.#.#
#.#..#.# ....#
#.#..#.### #.###
#.#......#


You could see an orc warrior.

Vanquished Creatures
  Pikel (D:6)
  Grinder (D:5)
  Eustachio (D:5)
  Menkaure (D:5)
  4 phantoms
  A centaur (D:3)
  2 ogres
  A bullfrog (D:6)
  A scorpion (D:4)
  A crimson imp (D:5)
  A bullfrog zombie (D:5)
  A hound (D:5)
  3 bullfrog skeletons
  2 orc priests (D:3)
  An iguana (D:4)
  3 orc wizards (D:5)
  3 worker ants
  A hound skeleton (D:4)
  10 adders
  A shadow imp (D:6)
  3 adder skeletons
  2 dart slugs (D:3)
  5 leopard geckos
  18 orcs
  7 bats
  5 giant cockroaches
  10 goblins
  7 hobgoblins
  8 jackals
  4 quokkas
  4 frilled lizards
  A jackal skeleton (D:5)
  10 kobolds
  10 rats
134 creatures vanquished.

Vanquished Creatures (others)
  A slave (D:6)
  A jelly (D:6)
  An orc wizard (D:6)
  3 orcs (D:6)
  A jackal (D:6)
  A quokka (D:6)
8 creatures vanquished.

Grand Total: 142 creatures vanquished

Notes
Turn   | Place    | Note
-------+----------+-------------------------------------------
     0 | D:1      | PentaManta the Merfolk Monk began the quest for the Orb.
     0 | D:1      | Reached XP level 1. HP: 18/18 MP: 1/1
    62 | D:1      | Reached XP level 2. HP: 24/24 MP: 2/2
   101 | D:1      | Reached skill level 1 in Short Blades
   291 | D:1      | Reached skill level 5 in Dodging
   291 | D:1      | Reached XP level 3. HP: 9/29 MP: 3/3
  1058 | D:2      | Found Zin's Purification Station.
  1061 | D:2      | Found a glowing silver altar of Zin.
  1517 | D:3      | Reached XP level 4. HP: 35/35 MP: 4/4
  1902 | D:3      | Noticed a centaur
  1903 | D:3      | Killed a centaur
  1903 | D:3      | Reached skill level 6 in Dodging
  1903 | D:3      | Reached XP level 5. HP: 37/41 MP: 5/5
  2050 | D:4      | Noticed a phantom
  2269 | D:3      | Reached XP level 6. HP: 23/47 MP: 6/6
  2639 | D:3      | Reached skill level 7 in Dodging
  2981 | D:4      | Reached skill level 5 in Short Blades
  3043 | D:4      | Noticed a phantom
  3119 | D:4      | Killed a phantom
  3119 | D:4      | Reached XP level 7. HP: 35/52 MP: 7/7
  3147 | D:4      | Found a shimmering altar of Xom.
  3148 | D:4      | Found a hazy altar of Hepliaklqana.
  3149 | D:4      | Noticed a spectral ugly thing
  3630 | D:4      | Reached skill level 8 in Dodging
  4565 | D:5      | Entered Level 5 of the Dungeon
  4589 | D:5      | Reached skill level 9 in Dodging
  4791 | D:5      | Noticed Eustachio
  4971 | D:5      | Noticed Menkaure
  4979 | D:5      | Killed Menkaure
  4979 | D:5      | Reached XP level 8. HP: 49/58 MP: 8/8
  5003 | D:5      | Noticed Grinder
  5013 | D:5      | Killed Grinder
  5071 | D:5      | Killed Eustachio
  5071 | D:5      | Reached skill level 10 in Dodging
  5532 | D:5      | Found a stormy altar of Qazlal.
  6171 | D:6      | Noticed Pikel
  6233 | D:6      | Killed Pikel
  6233 | D:6      | Reached skill level 5 in Long Blades
  6233 | D:6      | Reached skill level 11 in Dodging
  6233 | D:6      | Reached XP level 9. HP: 40/64 MP: 9/9
  6953 | D:4      | Slain by an orc warrior

Skill      XL: |  1  2  3  4  5  6  7  8  9 |
---------------+----------------------------+-----
Short Blades   | 1 2 3 4 5 7 8 |  8.4
Dodging        | 5 6 7 9 11 | 11.7
Long Blades    | 5 6 |  6.1
Fighting       | |  3.2
Stealth        | |  2.1

Action                   |  1- 3 |  4- 6 |  7- 9 || total
-------------------------+-------+-------+-------++-------
Melee: Falchion          |     8 |       |    13 ||    21
       Short sword       |     4 |       |    10 ||    14
       Dagger            |   125 |   285 |   362 ||   772
Throw: Stone             |       |     1 |     3 ||     4
  Use: Potion            |       |     3 |     5 ||     8
       Scroll            |       |    10 |     2 ||    12
 Stab: Sleeping          |     5 |     2 |     3 ||    10
       Distracted        |       |       |     3 ||     3
  Eat: Chunk             |     1 |     5 |     2 ||     8
       Ration            |       |       |     3 ||     3
Armor: Robe              |    24 |       |       ||    24
       Ring mail         |     3 |    60 |    57 ||   120
Dodge: Dodged            |   119 |   169 |   182 ||   470
       Rpst.: Falchion   |     1 |       |     2 ||     3
